Unix NetHack Version 5.0.0-0 post-release - last build May 31 2026 23:59:36 (970b52f25bf058293b47ddfd14a1e40e571c508c,branch:main).

Game began 2026-05-28 20:27:33, ended 2026-06-07 00:17:16.

Doran, lawful female human Samurai

     ---------
   ---...|)|.----               ---
  --...)......|.--        ---- --.|
  |..............----    --..--#..|
 --.......).........------......---
--.........).....--.............|
|................|--------......---
|................--   ---.........----.-
--......)..)......-----...).*%..>......|
 |.........*%...........--.|.......-----
 --.......((..%...-----------.|...
  |..---....---.<..#.       ----...
  ---- |...-# --.....          |-..|
    ----..--   |.....         --...--
    |.....| ###-.....         |....`|
    |.....| ##.......         |....`|
    --...-- |..[.....         ---.dd|
     -----  |........           |.dd|
            ----.-#.#           ---@|
               ---##-             ---
Doran the Kunoichi     St:17 Dx:17 Co:17 In:8 Wi:9 Ch:7  Lawful S:4087
Dlvl:5  $:149 HP:0(62) Pw:31(31) AC:0  Xp:7 T:4198  Burdened

Latest messages:
 The dog misses it.
 The wolf misses!
 The dog misses the wolf.
 The dog bites the wolf.
 You hit the wolf!
 The wolf bites!
 The wolf bites!
 The wolf bites!
 The dog bites the wolf.
 The wolf misses the dog.
 What do you want to write with? [- a-dhruw-zABHN-PR-T or ?*] ?
 You write in the dust with an uncursed zinc wand.
 What do you want to write in the dust here? Elbereth
 The bugs on the floor speed up!
 The wolf turns to flee.
 The wolf turns to flee.
 The wolf turns to flee.
 Something is written here in the dust.
 You read: "Elbereth".
 You see no objects here.
 What do you want to call? [h-jlopr-zAD-GIJL-RTX-Z or ?*] A
 Call a zinc wand: speed
 What do you want to write with? [- a-dhruw-zABHN-PR-T or ?*] -
 You write in the dust with your fingertip.
 What do you want to write in the dust here? Elbereth
 What do you want to write with? [- a-dhruw-zABHN-PR-T or ?*] ?
 A lit field surrounds you!
 Do you want to add to the current engraving? [ynq] (y) q
 Never mind.
 The dog bites the wolf.
 The wolf bites the dog.
 You hit the wolf!
 The wolf bites!
 You hit the wolf!
 The wolf misses!
 The wolf bites!
 The wolf misses!
 The wolf bites!
 Something is written here in the dust.
 You read: "[l|cre?h".
 The wolf misses!
 Something is written here in the dust.
 You read: "?|be?e?h".
 The wolf bites!
 The wolf bites!
 The wolf bites!
 The wolf bites!
 You die...
 Do you want your possessions identified? [ynq] (y) y
 Do you want to see your attributes? [ynq] (y) q

Inventory:
 Coins    ('$')
  $ - 149 gold pieces
 Weapons  (')')
  S - 29 +0 arrows
  d - 33 +0 ya (in quiver)
  c - a +0 yumi
  B - a +0 dagger
  a - a greased +1 katana (weapon in right hand)
  b - a greased +0 wakizashi (alternate weapon; not wielded)
 Armor    ('[')
  W - an uncursed greased +0 dwarvish iron helm (being worn)
  V - an uncursed greased +0 pair of iron shoes (being worn)
  G - a cursed +0 pair of speed boots
  g - an uncursed +0 mummy wrapping
  e - an uncursed greased +0 banded mail (being worn)
 Comestibles  ('%')
  n - 2 uncursed gunyoki
  C - an uncursed tripe ration
 Scrolls  ('?')
  I - a cursed scroll of destroy armor
  F - a cursed scroll of light
 Spellbooks  ('+')
  v - an uncursed spellbook of extra healing
  s - a cursed spellbook of extra healing
  X - an uncursed spellbook of light
  E - a cursed spellbook of magic missile
 Potions  ('!')
  t - a blessed potion of extra healing
  J - a blessed potion of fruit juice
  p - a blessed potion of gain energy
  Y - an uncursed potion of hallucination
  L - 2 cursed potions of levitation
  M - an uncursed potion of see invisible
 Rings    ('=')
  O - a cursed ring of free action
  T - a cursed ring of hunger
  N - a cursed ring of stealth
  x - a cursed ring of teleportation
 Wands    ('/')
  P - a cursed wand of light (0:10)
  h - a wand of make invisible (0:5)
  z - a wand of make invisible (0:5)
  A - a wand of speed monster (0:5)
  r - a wand of teleportation (0:0)
 Tools    ('(')
  i - an empty uncursed sack
  j - an empty uncursed sack
  Z - an uncursed sack containing 2 items
  m - a can of grease (0:3)
  U - an uncursed credit card
  H - a cursed magic marker (0:20)
  k - an uncursed osaku
  D - a blessed tallow candle
  o - an uncursed tallow candle
  l - an uncursed tin whistle
  Q - a blessed wax candle
 Gems/Stones  ('*')
  u - an uncursed worthless piece of black glass
  w - 2 uncursed worthless pieces of blue glass
  y - 3 uncursed worthless pieces of white glass
  R - 2 uncursed worthless pieces of yellow glass

Contents of the sack:
  a +0 pick-axe
  2 uncursed worthless pieces of yellowish brown glass

Doran the Samurai's attributes:

Background:
 You were a Kunoichi, a level 7 female human Samurai.
 You were lawful, on a mission for Amaterasu Omikami
 who was opposed by Raijin (neutral) and Susanowo (chaotic).
 You were right-handed.
 You were in the Gnomish Mines, on level 5.
 You entered the dungeon 4198 turns ago.
 It was the midnight hour.
 You had 917 experience points, 363 more were needed to attain level 8.
 Your score was 4087 before end-of-game adjustments.

Basics:
 You had 0 out of 62 hit points.
 You had all 31 energy points (spell power).
 Your armor class was 0.
 Your wallet contained 149 zorkmids.
 Autopickup was on for '$"?/=+!*' plus thrown, with exceptions.

Final Characteristics:
 Your strength was 17 (peak:18, limit:18/100).
 Your dexterity was 17 (limit:18).
 Your constitution was 17 (limit:18).
 Your intelligence was 8 (limit:18).
 Your wisdom was 9 (limit:18).
 Your charisma was 7 (limit:18).

Final Status:
 You were chained to a heavy iron ball.
 You weren't hungry.
 You were burdened; movement was slightly slowed.
 You were wielding a long sword.
 You were skilled in long sword.

Final Attributes:
 You were piously aligned.
 You were telepathic.
 You were warded.
 You were fast.
 You are dead.

Miscellaneous:
 You encountered 1 bones level.
 Total elapsed playing time was 50 minutes and 52 seconds.

Major events:
 Turn
    1: Doran the lawful female human Samurai entered the dungeon
  462: attained the rank of Ronin (level 3)
  650: entered the Gnomish Mines
 2465: attained the rank of Kunoichi (level 6)
 3432: reached Mine Town
 4198: killed by a wolf, while dragging an iron ball

You didn't know any spells.

Skills:
 Fighting Skills
   martial arts      [Basic]
   two weapon combat [Unskilled]
   riding            [Unskilled]
 Weapon Skills
   dagger            [Unskilled]
   knife             [Unskilled]
   short sword       [Basic]
   broadsword        [Unskilled]
   long sword        [Skilled]
   two-handed sword  [Unskilled]
   saber             [Unskilled]
   flail             [Unskilled]
   quarterstaff      [Unskilled]
   polearms          [Unskilled]
   spear             [Unskilled]
   lance             [Unskilled]
   bow               [Basic]
   shuriken          [Unskilled]
 Spellcasting Skills
   attack spells     [Unskilled]
   divination spells [Unskilled]
   clerical spells   [Unskilled]

Voluntary challenges:
 Character rerolling was not enabled.
 You never genocided any monsters.
 You never polymorphed an object.
 You never changed form.
 You used no wishes.
Achievements:
 You attained the rank of Ronin.
 You entered the Gnomish Mines.
 You entered a shop.
 You attained the rank of Kunoichi.
 You entered Minetown.
 You entered a temple.

 The Dungeons of Doom: levels 1 to 5
    Level 1: "vault"
    Level 2:
       A general store, a fountain, a grave.
       Stairs down to The Gnomish Mines.
    Level 3:
    Level 4:
       A fountain.
    Level 5:
       A fountain.
 The Gnomish Mines: levels 3 to 6
    Level 3:
       A grave.
       Final resting place for
          pootin-Wiz-Orc-Mal-Cha, killed by a crossbow bolt.
    Level 4:
    Level 5: <- You were here.
       Final resting place for
          you, killed by a wolf, while dragging an iron ball.
    Level 6:
       Many shops, a temple and an altar, some fountains.


Vanquished creatures:
  a ghost
  2 wolves
  a jaguar
  a blue jelly
  a dust vortex
  a raven
  a gnome mummy
 an ape
  2 rock piercers
  a pony
  a yellow light
  a shrieker
  5 gnome leaders
  3 gnomish wizards
 an elf zombie
  a straw golem
  2 giant ants
  a floating eye
  a dwarf
  a homunculus
  2 kobold shamans
  4 hill orcs
  a rabid rat
  a centipede
  a giant bat
  2 wererats
  a werejackal
 an iguana
  2 manes
  a large kobold
  3 hobgoblins
  3 giant rats
  2 cave spiders
  a brown mold
 29 gnomes
  2 garter snakes
  2 geckos
  3 jackals
  5 foxes
  4 goblins
  4 sewer rats
 10 grid bugs
  3 lichens
  3 newts
119 creatures vanquished.

No species were genocided or became extinct.

Game over:
                       ----------
                      /          \
                     /    REST    \
                    /      IN      \
                   /     PEACE      \
                  /                  \
                  |      Doran       |
                  |      149 Au      |
                  | killed by a wolf |
                  |                  |
                  |                  |
                  |                  |
                  |       2026       |
                 *|     *  *  *      | *
        _________)/\\_//(\/(/\)/\//\/|_)_______

Sayonara Doran the Samurai...

You died in The Gnomish Mines on dungeon level 5 with 4073 points,
and 149 pieces of gold, after 4198 moves.
You were level 7 with a maximum of 62 hit points when you died.

